 Dungeon Crawl Stone Soup version 0.24-a0-140-gcaa6c10b7c (webtiles) character file.

Game seed: 16671899395551382022

65 PikkenKukken the Insei (level 3, 0/29 HPs)
             Began as a Draconian Transmuter on Mar 4, 2019.
             Slain by a black bear (3 damage)
             ... on level 2 of the Dungeon.
             The game lasted 00:05:36 (2637 turns).

PikkenKukken the Insei (Draconian Transmuter)       Turns: 2637, Time: 00:05:36

Health: 0/29       AC:  5    Str: 12    XL:     3   Next: 92%
Magic:  2/6        EV: 12    Int: 13    God:
Gold:   187        SH:  0    Dex: 12    Spells: 0/6 levels left

rFire    . . .     SeeInvis +     - Unarmed
rCold    . . .     Gourm    .   (no shield)
rNeg     . . .     Faith    .   (armour unavailable)
rPois    .         Spirit   .   (helmet restricted)
rElec    .         Reflect  .   (no cloak)
rCorr    .         Harm     .   (no gloves)
MR       .....                  (no boots)
Stlth    +.........             (no amulet)
HPRegen  0.09/turn              f - ring of see invisible
MPRegen  0.10/turn              (no ring)

@: very slightly contaminated
A: unfitting armour, cold-blooded, AC +5
a: no special abilities


You were on level 2 of the Dungeon.
You were not hungry.

You visited 1 branch of the dungeon, and saw 3 of its levels.

You collected 187 gold pieces.

Inventory:

Missiles
 a - 50 arrows
Jewellery
 e - an uncursed ring of stealth {unknown}
 f - a ring of see invisible (left hand)
Scrolls
 d - a scroll of identify
Potions
 b - 2 potions of brilliance {unknown}
 g - a potion of might
Comestibles
 c - 3 rations


   Skills:
 - Level 1.8 Fighting
 - Level 2.2 Dodging
 - Level 3.7 Unarmed Combat
 - Level 2.0 Spellcasting
 + Level 2.7 Transmutations
 - Level 1.0 Poison Magic


You couldn't memorise any spells.
You knew the following spells:

 Your Spells              Type           Power        Failure   Level  Hunger
a - Beastly Appendage     Tmut           #.....       9%          1    ##.....
b - Sticks to Snakes      Tmut           #.......     13%         2    ###....
c - Spider Form           Tmut/Pois      #.........   34%         3    ####...

Your spell library contained the following spells:

 Spells                   Type           Power        Failure   Level  Hunger
 Ice Form                 Ice/Tmut       #.......     82%         4    #####..
 Blade Hands              Tmut           #.........   93%         5    ######.


Dungeon Overview and Level Annotations

Branches:
Dungeon (3/15)

Altars:

Annotations:
D:2 1 runed translucent door, Crazy Yiuf


Innate Abilities, Weirdness & Mutations

Your plain brown scales are hard. (AC +5)
You cannot fit into any form of body armour.
You are cold-blooded and may be slowed by cold attacks.


Message History

The black bear bites you. The black bear misses you. x2
You hit the black bear.
The black bear is severely wounded.
The black bear completely misses you. x2; The black bear misses you.
You hit the black bear.
The black bear looks as sick as possible!
The black bear is almost dead.
Your transformation has ended.
The black bear goes berserk!
Casting: Spider Form (safe; 34% risk of failure)
Confirm with . or Enter, or press ? or * to list all spells.
You miscast Spider Form.
You are very lightly contaminated with residual magic.
Nothing appears to happen.
The black bear closely misses you. x2
The black bear claws you!
* * * LOW HITPOINT WARNING * * *
The black bear bites you.
* * * LOW HITPOINT WARNING * * *
The black bear claws you.
You die...

#............#.......
#............#.......
#....................
#######..........####
#..≈≈.......# # #.≈≈≈≈≈.....#
# #.≈≈≈≈≈.....# #
########.≈≈≈≈≈.....####
#....h@..≈≈≈≈≈........'
########.######..≈≈≈......##.#
#.........######..........##.#
#>......>)'...............##.#
#.........###...(.........##.#
#.........# #.............##.#
#.........# #.............##.#
#.........###....#..########.#
#...........+....'.....# #.#


You could see a black bear (berserk).

Vanquished Creatures
  An adder (D:2)
  2 leopard geckos (D:2)
  8 bats
  A giant cockroach (D:2)
  5 goblins
  8 hobgoblins
  2 jackals (D:2)
  A quokka (D:2)
  18 frilled lizards
  3 kobolds
  5 rats
54 creatures vanquished.

Notes
Turn   | Place    | Note
-------+----------+-------------------------------------------
     0 | D:1      | PikkenKukken the Draconian Transmuter began the quest for
                  | the Orb.
     0 | D:1      | Reached XP level 1. HP: 16/16 MP: 3/3
   297 | D:1      | Reached XP level 2. HP: 22/23 MP: 3/5
   334 | D:1      | Learned a level 2 spell: Sticks to Snakes
  1247 | D:2      | Reached XP level 3. HP: 26/29 MP: 4/6
  1269 | D:2      | Learned a level 3 spell: Spider Form
  1621 | D:2      | Reached skill level 1 in Poison Magic
  1947 | D:2      | HP: 1/29 [poisoned by a goblin]
  2257 | D:2      | Found a runed translucent door.
  2258 | D:2      | Noticed Crazy Yiuf
  2297 | D:3      | Noticed a black bear
  2637 | D:2      | Slain by a black bear

Levels and vault maps discovered:
D:1:      ebering_hopf_link, layout_rooms
D:2:      kennysheep_big_flooded_room, layout_basic, minmay_lizard_pond,
          uniq_crazy_yiuf_cottage
D:3:      minmay_skewed_foursquare, layout_basic,
          chequers_serial_rivers_large_b, eino_tiny_chamber

Skill      XL: |  1  2  3 |
---------------+----------+-----
Dodging        | 2 |  2.2
Poison Magic   | 1 |  1.0
Fighting       | |  1.8
Unarmed Combat | |  3.7
Spellcasting   | |  2.0
Transmutations | |  2.7

Action                   || total
-------------------------++-------
Melee: Unarmed           ||   201
       Tailslap          ||    13
       Kick              ||     7
       Headbutt          ||     4
       Punch             ||     1
 Cast: Beastly Appendage ||    23
       Spider Form       ||     3
  Use: Scroll            ||     9
       Potion            ||     2
 Stab: Sleeping          ||     2
  Eat: Chunk             ||     5
       Ration            ||     1
Armor: Skin              ||    51
Dodge: Dodged            ||   174

Table legend:
 A = Non-vault XP
 B = Vault XP
 C = Vault XP percentage of total XP
 D = Non-vault monster count
 E = Vault monster count
 F = Vault count percentage of total count
                 A         B        C        D         E       F
            +---------+---------+-------+---------+---------+-------
      Total |      80 |      13 |  14.0 |      42 |      12 |  22.2
            +---------+---------+-------+---------+---------+-------
        D:1 |      26 |       0 |   0.0 |      17 |       0 |   0.0
        D:2 |      54 |      13 |  19.4 |      25 |      12 |  32.4
            +---------+---------+-------+---------+---------+-------
